 Dungeon Crawl Stone Soup version 0.31-a0-595-g4209ae197b (webtiles) character file.

Game seed: 16289823016098461794

161 Conn the Firebug (level 5, -8/31 HPs)
             Began as an Octopode Fire Elementalist on Aug 20, 2023.
             Mangled by an orc
             ... wielding a +0 war axe
              (9 damage)
             ... on level 3 of the Dungeon.
             The game lasted 00:06:47 (2217 turns).

Conn the Firebug (Octopode Fire Elementalist)       Turns: 2217, Time: 00:06:47

Health: -8/31      AC:  1    Str:  7    XL:     5   Next: 42%
Magic:  1/9        EV: 14    Int: 19    God:
Gold:   143        SH:  0    Dex: 19    Spells: 3/9 levels left

rFire   . . .        h - +1 dagger (speed)
rCold   . . .        (no shield)
rNeg    . . .        (helmet restricted)
rPois   .            (no amulet)
rElec   .            g - +6 ring of dexterity
rCorr   .            (no ring)
SInv    .            (no ring)
Will    .....        (no ring)
Stlth   ++++         (no ring)
HPRegen 0.25/turn    (no ring)
MPRegen 0.11/turn    (no ring)
                     (no ring)

%: no passive effects
@: lethally poisoned (-8 -> -11)
A: almost no armour, amphibious, 8 rings, camouflage 1, gelatinous body 1,
(nimble swimmer 1), tentacles
a: no special abilities


You were on level 3 of the Dungeon.
You visited 1 branch of the dungeon, and saw 3 of its levels.

You collected 143 gold pieces.

Inventory:

Hand Weapons
 d - a +0 short sword
 h - a +1 dagger of speed (weapon)
Missiles
 c - 2 poisoned darts (quivered)
Jewellery
 g - a +6 ring of dexterity (left tentacle)
Scrolls
 b - a scroll of enchant armour
 f - a scroll of identify
Potions
 a - a potion of magic
 e - a potion of might


   Skills:
 + Level 0.1 Fighting
 + Level 0.6 Short Blades
 + Level 2.4 Dodging
 + Level 3.2 Stealth
 * Level 2.7 Spellcasting
 * Level 2.8 Conjurations
 + Level 4.1 Fire Magic


You had 3 spell levels left.
You knew the following spells:

 Your Spells              Type           Power      Damage    Failure   Level
a - Foxfire               Conj/Fire      60%        2x1d7     3%          1
b - Scorch                Fire           36%        2d6       4%          2
c - Inner Flame           Hex/Fire       10%        N/A       21%         3

Your spell library contained the following spells:

 Spells                   Type           Power      Damage    Failure   Level
 Volatile Blastmotes      Fire/Tloc      20%        2d11      21%         3
 Vhi's Electric Charge    Tloc/Air       4%         N/A       43%         3
 Flame Wave               Conj/Fire      15%        2d7       36%         4
 Leda's Liquefaction      Hex/Erth       1%         N/A       83%         4
 Arcjolt                  Conj/Air       4%         1d14      94%         5
 Lee's Rapid Deconstruct  Erth           1%         3d4*      99%         5
 Leda's Unmaking          Conj/Erth      4%         9d2       100%        6
 Maxwell's Capacitive Co  Air            1%         ∞         100%        8
 Chain Lightning          Conj/Air       4%         3d5       100%        9
 Fire Storm               Conj/Fire      7%         8d2       100%        9
 Shatter                  Erth           1%         3d5*      100%        9


Dungeon Overview and Level Annotations

Branches:
Dungeon (3/15)

Altars:

Shops:
D:1 :


Innate Abilities, Weirdness & Mutations

You cannot wear most types of armour.
You are amphibious.
You can wear up to eight rings at the same time.
Your skin changes colour to match your surroundings (Stealth+).
Your rubbery body absorbs attacks. (AC +1, EV +1)
((You are camouflaged when in or above water. (Stealth+)))
You have tentacles for arms and can constrict up to eight enemies at once.


Message History

You are very lightly contaminated with residual magic.
Nothing appears to happen.
The orc hits you with a +0 flail.
Casting: Inner Flame (quite dangerous; 21% risk of failure)
Confirm with . or Enter, or press ? or * to list all spells.
Aiming: Inner Flame (quite dangerous; 21% risk of failure)
Press: ? - help, Dir - move target, f/p - orc
Aim: an orc, wielding a +0 flail (chance to affect: 76%)
The orc barely resists.
The orc hits you with a +0 flail!
Unknown command.
An endoplasm comes into view.
Found 11 gold pieces.
Found a stone staircase leading down.
The endoplasm quivers.
The orc attacks as it pursues you! The orc hits you with a +0 flail!
* * * LOW HITPOINT WARNING * * *
You feel much better. The orc misses you.
There is a stone staircase leading down here.
As you read the scroll labelled DYMEPISK QIACU, it dissolves into smoke.
It was a scroll of fog.
The adder bites you.
You are poisoned.
The adder poisons you! The orc hits you with a +0 flail.
As you read the scroll labelled KOAMPU CIKIE, it crumbles to dust.
You hear a loud clanging noise!
It was a scroll of noise.
You feel sick.
The orc shouts!
You hear a bark!
You hear an angry hiss.
You hear a bark! x2
The adder barely misses you. The orc closely misses you.
The endoplasm misses you. The orc hits you with a +0 war axe.
Okay, then.
Okay, then.
Unknown command.
It was a potion of cancellation.
You feel magically purged.
Your magical contamination has completely faded away.
You feel sick. The adder closely misses you. The orc hits you with a +0 flail!
* * * LOW HITPOINT WARNING * * *
Something hits you.
* * * LOW HITPOINT WARNING * * *
The endoplasm freezes you.
You are frozen.
* * * LOW HITPOINT WARNING * * *
The orc hits you with a +0 war axe!
You die...

..........# ..##
..........##....
..........# ...
..........###.####
..........##.....#
..........##†....#
.............o.§§#
..........##..oS{#####
..........##.##o@o...#
#..##.##.....#.§J§§...#
#......#####...§§§§.....
†......# #.........$..#
.......# #.#.......>..#
†......................#
#......##...#..........#
#......#..####..........
.......#.# #........


You could see an adder, 4 orcs and an endoplasm.

Vanquished Creatures
  Robin (D:2)
  7 adders
  A worm (D:3)
  2 dart slugs (D:1)
  An orc (D:3)
  8 ball pythons
  4 endoplasms
  2 giant cockroaches (D:1)
  19 goblins
  5 hobgoblins
  4 jackals (D:1)
  5 quokkas
  5 bats
  A frilled lizard (D:1)
  6 kobolds
  6 rats
77 creatures vanquished.

Vanquished Creatures (others)
  159 foxfires
159 creatures vanquished.

Grand Total: 236 creatures vanquished

Notes
Turn   | Place    | Note
-------+----------+-------------------------------------------
     0 | D:1      | Conn the Octopode Fire Elementalist began the quest for the
                  | Orb.
     0 | D:1      | Reached XP level 1. HP: 11/11 MP: 3/3
    75 | D:1      | Reached XP level 2. HP: 17/17 MP: 0/5
    78 | D:1      | Learned a level 2 spell: Scorch
   421 | D:1      | Reached XP level 3. HP: 18/21 MP: 6/6
   424 | D:1      | Found Ugucir's Book Shoppe.
   927 | D:2      | Reached XP level 4. HP: 23/27 MP: 1/7
  1015 | D:1      | Learned a level 3 spell: Inner Flame
  1272 | D:2      | Reached skill level 4 in Fire Magic
  1416 | D:2      | Noticed Robin
  1437 | D:2      | Killed Robin
  1490 | D:2      | Reached XP level 5. HP: 29/31 MP: 0/8
  2217 | D:3      | HP: 1/31 [frozen (2)]
  2217 | D:3      | Mangled by an orc

Illustrated notes

Levels and vault maps discovered:
D:1:      wander_arrival_peaceful_grave, layout_rooms, serial_shops, shop,
          chequers_serial_rivers_large_a
D:2:      layout_basic, uniq_robin
D:3:      layout_rooms

Skill      XL: |  1  2  3  4 |
---------------+-------------+-----
Stealth        | 3 |  3.2
Conjurations   | 2 |  2.8
Fire Magic     | 4 |  4.1
Fighting       | |  0.1
Short Blades   | |  0.6
Dodging        | |  2.4
Spellcasting   | |  2.7

Action                     |  1- 3 |  4- 6 || total
---------------------------+-------+-------++-------
  Melee: Unarmed           |    15 |       ||    15
         Constrict         |    12 |     7 ||    19
         Tentacles         |     7 |     5 ||    12
         Short sword       |    25 |       ||    25
         Dagger            |       |    31 ||    31
  Throw: Dart              |       |     1 ||     1
   Cast: Foxfire           |    43 |    47 ||    90
         Scorch            |       |     3 ||     3
         Inner Flame       |       |     2 ||     2
    Use: Scroll            |     3 |     4 ||     7
         Potion            |       |     2 ||     2
   Stab: Sleeping          |     6 |     2 ||     8
         Distracted        |       |     2 ||     2
 Armour: Skin              |     6 |     9 ||    15
  Dodge: Dodged            |    34 |    31 ||    65

Table legend: (Time is in decaauts)
 A = Elapsed time spent in this place.
 B = Non-inter-level travel time spent in this place.
 C = Inter-level travel time spent in this place.
 D = Time resting spent in this place.
 E = Time spent auto-exploring this place.
 F = Levels seen in this place.
 G = Mean time per level.
                   A        B        C        D        E       F      G
               +--------+--------+--------+--------+--------+-----+--------+
         Total |   2205 |   2203 |      2 |     47 |   1438 |   3 |  735.0 |
       Dungeon |   2205 |   2203 |      2 |     47 |   1438 |   3 |  735.0 |
               +--------+--------+--------+--------+--------+-----+--------+

Top non-repeatable levels by time:
     D:2: 1082 daAuts
     D:1: 868 daAuts
     D:3: 255 daAuts
